 Dungeon Crawl Stone Soup version 0.22.1-2-g9c5b331383 (webtiles) character file.

44 McIrco the Shield-Bearer (level 3, -1/29 HPs)
             Began as a Formicid Fighter on Jan 5, 2019.
             Killed by divine providence
             ... invoked by an orc priest
              (12 damage)
             ... on level 2 of the Dungeon.
             The game lasted 00:01:57 (1289 turns).

McIrco the Shield-Bearer (Formicid Fighter)         Turns: 1289, Time: 00:01:57

Health: -1/29      AC:  7    Str: 21    XL:     3   Next: 85%
Magic:  3/3        EV:  8    Int:  7    God:
Gold:   72         SH:  9    Dex: 10    Spells: 2/2 levels left

rFire    . . .     SeeInvis +   a - +0 long sword
rCold    . . .     Gourm    .   c - +0 shield
rNeg     . . .     Faith    .   b - +0 scale mail
rPois    .         Spirit   .   (helmet unavailable)
rElec    .         Reflect  .   (no cloak)
rCorr    .         Harm     .   (no gloves)
MR       .....                  (no boots)
Stlth    ..........             (no amulet)
HPRegen  0.09/turn              (no ring)
MPRegen  0.08/turn              (no ring)

@: no status effects
A: permanent stasis, dig shafts and tunnels, four strong arms, antennae 3
a: Dig, Shaft Self


You were on level 2 of the Dungeon.
You were hungry.

You visited 1 branch of the dungeon, and saw 2 of its levels.

You collected 72 gold pieces.

Inventory:

Hand Weapons
 a - a +0 long sword (weapon)
Armour
 b - a +0 scale mail (worn)
 c - a +0 shield (worn)
Jewellery
 k - a +2 ring of protection {unknown}
Scrolls
 e - 5 scrolls of remove curse {unknown}
 i - 4 scrolls of identify {unknown}
 j - 3 scrolls of amnesia {unknown}
 l - a scroll of fog {unknown}
 m - a scroll of magic mapping {unknown}
Potions
 d - a potion of might
 h - a potion of brilliance
Comestibles
 f - 3 rations
 g - a chunk of flesh


   Skills:
 - Level 3.2 Fighting
 - Level 2.0 Long Blades
 + Level 4.1 Armour
 + Level 4.7 Shields


You had 2 spell levels left.
You didn't know any spells.
Your spell library was empty.

Dungeon Overview and Level Annotations

Branches:
Dungeon (2/15)

Altars:
Sif Muna


Innate Abilities, Weirdness & Mutations

You cannot be hasted, slowed, berserked, paralysed or teleported.
You can dig through walls and to a lower floor.
Your four strong arms can wield two-handed weapons with a shield.
You have a pair of large antennae on your head. (SInv)


Message History

You are too injured to fight recklessly!
Unknown command.
You are too injured to fight recklessly!
Unknown command.
Unknown command.
You are too injured to fight recklessly!
You hit the orc wizard.
The orc wizard is almost dead.
You block the orc wizard's attack. x2
The orc priest calls upon Beogh to heal the orc wizard.
The orc wizard is healed somewhat.
You closely miss the orc wizard.
The orc wizard is heavily wounded.
You block the orc wizard's attack. The orc wizard hits you with a dagger.
You closely miss the orc wizard.
The orc wizard is heavily wounded.
The orc wizard hits you but does no damage.
The orc priest calls down the wrath of Beogh upon you.
Beogh smites you!
You die... ### ### #.. #.. { #.# ##.## #.# ooh{

#.# #o# ##+## #.# #@#
##...###.# #####.##
##.....##.## #......#
##.......#...
###.#....###........)###
...........+.........+.[
###......###.........###
#..#.#.# ##.......##
#..###.# ##...>.##
#......# ##...##


You could see an orc priest, an orc wizard, an orc and a jackal.

Vanquished Creatures
  An adder (D:2)
  A dart slug (D:1)
  3 bats (D:1)
  4 giant cockroaches
  2 hobgoblins
  4 jackals (D:1)
  A quokka (D:2)
  A frilled lizard (D:1)
  2 goblins
  7 kobolds
  4 rats (D:1)
30 creatures vanquished.

Notes
Turn   | Place    | Note
-------+----------+-------------------------------------------
     0 | D:1      | McIrco the Formicid Fighter began the quest for the Orb.
     0 | D:1      | Reached XP level 1. HP: 18/18 MP: 1/1
     6 | D:1      | Noticed a polar bear
     6 | D:1      | Noticed a five-headed hydra
     6 | D:1      | Noticed a worker ant
    54 | D:1      | Reached XP level 2. HP: 5/24 MP: 2/2
   584 | D:1      | Reached XP level 3. HP: 29/29 MP: 3/3
   979 | D:2      | Found a deep blue altar of Sif Muna.
  1289 | D:2      | Killed from afar by an orc priest

Skill      XL: |  1  2  3 |
---------------+----------+-----
Shields        | 4 |  4.7
Armour         | 4 |  4.1
Fighting       | |  3.2
Long Blades    | |  2.0

Action                   || total
-------------------------++-------
Melee: Long sword        ||   139
  Use: Potion            ||     2
  Eat: Chunk             ||     1
Armor: Scale mail        ||    73
Dodge: Dodged            ||    62
Block: Shield            ||    96
       Rpst.: Long sword ||    11
